 Dungeon Crawl Stone Soup version 0.25.1-9-gc5326a611f (webtiles) character file.

Game seed: 9100856364181749795

76 RETERIOR the Stinger (level 4, -1/51 HPs)
             Began as a Draconian Venom Mage on Jan 2, 2021.
             Slain by an adder (2 damage)
             ... on level 3 of the Dungeon.
             The game lasted 00:05:39 (2236 turns).

RETERIOR the Stinger (Draconian Venom Mage)         Turns: 2236, Time: 00:05:41

Health: -1/51      AC: 22    Str:  8 (10) XL:     4   Next: 12%
Magic:  7/7        EV:  2    Int: 13 (16) God:
Gold:   109        SH:  0    Dex: 11 (12) Spells: 7/8 levels left

rFire    . . .     SeeInvis .   h - +0 whip
rCold    + . .     Gourm    .   (no shield)
rNeg     + + +     Faith    .   (armour unavailable)
rPois    +         Spirit   .   (helmet currently unavailable)
rElec    .         Reflect  .   (cloak currently unavailable)
rCorr    .         Harm     .   (gloves currently unavailable)
MR       .....     NoTele   +   (boots currently unavailable)
Stlth    ++........             (no amulet)
HPRegen  0.17/turn              l - ring of protection from cold
MPRegen  0.10/turn              (no ring)

@: lethally poisoned (-1 -> -6), tree-form
A: unfitting armour, AC +5
a: no special abilities


You were on level 3 of the Dungeon.
You were not hungry.
You were a tree.
You visited 1 branch of the dungeon, and saw 4 of its levels.

You collected 109 gold pieces.

Inventory:

Hand Weapons
 h - a +0 whip (weapon)
Armour
 i - a +0 cloak (melded)
Jewellery
 l - a ring of protection from cold (left branch)
Scrolls
 a - a scroll of identify
 d - a scroll of teleportation {unknown}
 e - a scroll of enchant weapon {unknown}
 g - a scroll of random uselessness {unknown}
 m - a scroll of immolation {unknown}
Potions
 j - a potion of mutation {unknown}
 k - a potion of invisibility {unknown}
Comestibles
 b - 5 rations
 n - a chunk of flesh


   Skills:
 + Level 0.4 Fighting
 + Level 1.4 Maces & Flails
 + Level 2.0 Dodging
 + Level 2.2 Stealth
 + Level 2.5 Spellcasting
 + Level 1.5 Transmutations
 + Level 3.5 Poison Magic


You had 7 spell levels left.
You knew the following spells:

 Your Spells              Type           Power        Failure   Level  Hunger
a - Sting                 Tmut/Pois      #...         9%          1    #......

Your spell library contained the following spells:

 Spells                   Type           Power        Failure   Level  Hunger
 Poisonous Vapours        Pois/Air       #.....       19%         2    ###....
 Ignite Poison            Fire/Tmut/Pois #.......     36%         3    ###....
 Mephitic Cloud           Conj/Pois/Air  #.......     41%         3    ###....
 Olgreb's Toxic Radiance  Pois           ##......     50%         4    #####..


Dungeon Overview and Level Annotations

Branches:
Dungeon (4/15)
 Temple: D:4-7

Altars:
Fedhas


Innate Abilities, Weirdness & Mutations

((Your plain brown scales are hard. (AC +5)))
You cannot fit into any form of body armour.
((You are cold-blooded and may be slowed by cold attacks.))


Message History

There was something very wrong with that liquid.
You feel weakened.
You feel dopey.
You feel clumsy.
* * * LOW HITPOINT WARNING * * *
You feel sick.
The leopard gecko bites you but does no damage.
The adder completely misses you.
It was a potion of lignification.
You turn into a tree.
Your +0 cloak melds into your body.
Your roots penetrate the ground.
* * * LOW HITPOINT WARNING * * *
You feel sick.
The leopard gecko bites you but does no damage.
The adder bites you but does no damage.
The leopard gecko bites you but does no damage.
You miss the adder.
The adder is moderately wounded.
* * * LOW HITPOINT WARNING * * *
You feel sick. The adder bites you but does no damage.
The leopard gecko bites you but does no damage.
The adder bites you.
You die...

..# #.#
#.#+##
.....##
##.....##
##)......##
#.<.......#
+.♣l......+
#.S....(..#
##.......##
##.....##
##...##
#+##


You could see an adder and a leopard gecko.

Vanquished Creatures
  An iguana (D:2)
  2 adders (D:2)
  2 worms (D:2)
  A leopard gecko (D:2)
  6 bats
  A giant cockroach (D:2)
  3 goblins
  3 hobgoblins
  4 kobolds
  5 rats
28 creatures vanquished.

Notes
Turn   | Place    | Note
-------+----------+-------------------------------------------
     0 | D:1      | RETERIOR the Draconian Venom Mage began the quest for the
                  | Orb.
     0 | D:1      | Reached XP level 1. HP: 14/14 MP: 3/3
   727 | D:1      | Reached XP level 2. HP: 20/20 MP: 3/5
  1497 | D:2      | Reached XP level 3. HP: 14/26 MP: 3/6
  1687 | D:2      | Reached skill level 1 in Maces & Flails
  2070 | D:2      | Reached XP level 4. HP: 34/34 MP: 4/7
  2213 | D:2      | You fall into a shaft and drop 2 floors!
  2213 | D:4      | Found a blossoming altar of Fedhas.
  2213 | D:4      | Noticed a centaur
  2235 | D:3      | HP: 2/51 [poisoned by an adder]
  2236 | D:3      | Slain by an adder

Illustrated notes

Levels and vault maps discovered:
D:1:      minmay_arrival_widening_spiral_wide, layout_basic,
          nrook_mini_backslash, chequers_serial_rivers_small_a
D:2:      layout_basic, first_ration
D:3:      layout_loops_corners, old_standard_altar, kennysheep_big_empty_room,
          minmay_misc_feat_plants
D:4:      minmay_goblin_kobold_castle, layout_basic,
          fedhas_bush_and_centaur_altar, uniq_eustachio

Skill      XL: |  1  2  3 |
---------------+----------+-----
Stealth        | 2 |  2.2
Maces & Flails | 1 |  1.4
Dodging        | 2 |  2.0
Fighting       | |  0.4
Spellcasting   | |  2.5
Transmutations | |  1.5
Poison Magic   | |  3.5

Action                   |  1- 3 |  4- 6 || total
-------------------------+-------+-------++-------
Melee: Whip              |    63 |     7 ||    70
       Unarmed           |     2 |       ||     2
       Tailslap          |     4 |       ||     4
 Cast: Sting             |    27 |     2 ||    29
  Use: Scroll            |     1 |       ||     1
       Potion            |       |     2 ||     2
  Eat: Chunk             |     2 |       ||     2
       Ration            |     1 |       ||     1
Armor: Skin              |    21 |     9 ||    30
Dodge: Dodged            |    51 |     8 ||    59
